 Dungeon Crawl Stone Soup version 0.19-a0-1670-gc28a5d9 (webtiles) character file.

2231 Musica the Covert (level 9, -3/61 HPs)
             Began as an Octopode Assassin on Sept 9, 2016.
             Was a Follower of Ashenzari.
             Killed by divine providence
             ... invoked by an orc priest
              (11 damage)
             ... on level 7 of the Dungeon on Sept 22, 2016.
             The game lasted 00:24:31 (5926 turns).

Musica the Covert (Octopode Assassin)               Turns: 5926, Time: 00:24:33

Health: -3/61      AC:  1    Str: 10    XL:     9   Next: 36%
Magic:  9/9        EV: 13    Int: 14    God:    Ashenzari [*.....]
Gold:   274        SH:  0    Dex: 16    Spells: 0 memorised, 8 levels left

rFire  . . .     SeeInvis .     l - +0 hand axe (elec)
rCold  . . .     Gourm    .     (no shield)
rNeg   . . .     Faith    .     (helmet restricted)
rPois  .         Spirit   .     (no amulet)
rElec  +         Dismiss  .     (no ring)
rCorr  .         Reflect  .     F - ring of Ofyl {+Fly rElec} (curse)
MR     .....     Harm     .     (no ring)
Stlth  +++++++...               (no ring)
                                (no ring)
                                (no ring)
                                (no ring)
                                (no ring)

@: no status effects
A: almost no armour, stealthy swim, amphibious, 8 rings, constrict 8, camouflage
1, gelatinous body 1
a: Curse Item, Scrying, Renounce Religion, Evoke Flight


You were on level 7 of the Dungeon.
You worshipped Ashenzari.
Ashenzari was aware of your devotion.
You were full.

You visited 2 branches of the dungeon, and saw 9 of its levels.

You collected 274 gold pieces.

Inventory:

Hand Weapons
 a - a +2 dagger
 b - a +1 blowgun
 l - a +0 hand axe of electrocution (weapon)
 y - a +1 short sword of protection
Missiles
 c - 8 poisoned needles
 d - 2 curare-tipped needles
 p - 3 tomahawks (quivered)
Jewellery
 o - an uncursed ring of teleportation
 x - an uncursed ring of fire
 z - an uncursed ring of protection from cold
 D - an uncursed amulet of magic regeneration
 F - the cursed ring of Ofyl (right tentacle) {+Fly rElec}
   (You acquired it on level 7 of the Dungeon)

   [ring of flight]

   It insulates you from electricity.
   It lets you fly.
   It has a curse placed upon it.
Wands
 w - a wand of acid (0/15)
 B - a wand of polymorph (0/24)
Scrolls
 j - a scroll of identify
 E - a scroll of magic mapping
Potions
 e - a potion of cure mutation
 h - 4 potions of haste {unknown}
 i - a potion of brilliance {unknown}
 m - 3 potions of mutation {unknown}
 n - 2 potions of flight {unknown}
 q - a potion of resistance {unknown}
 r - a potion of cancellation {unknown}
 t - a potion of lignification {unknown}
 u - a potion of degeneration {unknown}
 v - a potion of ambrosia {unknown}
 A - a potion of might {unknown}
Comestibles
 f - 4 bread rations
 g - 4 chunks of flesh
 s - 3 beef jerkies
 C - 7 slices of pizza


   Skills:
 + Level 5.2 Fighting
 + Level 6.5 Short Blades
 + Level 3.2 Throwing
 - Level 1.0 Dodging
 + Level 13.1 Stealth


You had 8 spell levels left.
You didn't know any spells.

Dungeon Overview and Level Annotations

Branches:
Dungeon (8/15)             Temple (1/1) D:4
   Lair: D:8-11

Altars:
Ashenzari
Cheibriados
Dithmenos
Elyvilon
Fedhas
Gozag
Hepliaklqana
Kikubaaqudgha
Makhleb
Nemelex Xobeh
Okawaru
Qazlal
Ru
Trog
Uskayaw
Vehumet
Xom
Yredelemnul
Zin
The Shining One

Shops:
D:7 [


Innate Abilities, Weirdness & Mutations

You cannot wear most types of armour.
You are very stealthy in the water.
You are amphibious.
You can wear up to eight rings at the same time.
You can use your tentacles to constrict eight enemies at once.
Your skin changes colour to match your surroundings (Stealth+).
Your rubbery body absorbs attacks. (AC +1, EV +1)


Message History

You feel a bit more experienced.
You feel better.
The orc warrior throws a tomahawk.
The tomahawk misses you.
Your surroundings suddenly seem different.
Okay, then.
The orc priest mumbles some strange prayers to Beogh against you.
You struggle to resist.
The orc priest invokes the aid of Beogh against you.
You struggle to resist.
The wight completely misses you.
There is an entrance to Ahakahe's Armour Boutique here.
The wight closely misses you.
The wight hits you with an enchanted hand axe.
* * * LOW HITPOINT WARNING * * *
The wight hits you with a dagger of freezing.
* * * LOW HITPOINT WARNING * * *
The wight freezes you.
* * * LOW HITPOINT WARNING * * *
The orc priest mumbles some strange prayers to Beogh against you.
Beogh smites you!
You die...

#.##.....#########z#z.....o.
#.##.....# #....o...
#.##.....# #...o.#
#.######.# #...o.# #.# #.#
#<..o.+ #.# #.# #.....# #.#
#.# #####o.o.
#.######.#########.# .o.
....((..o.oo...z@..# .
#.######......∩.z#..z.# #.#
#.o.......# .#.# #.#
#..(......# # ... #.#
#.........# ...
#.######.........# #.#
'.##...#.........# #.#
####...#.........# #.# #
#...#####.....# y######.####


You could see 3 wights, an orc priest and 2 orcs.

Vanquished Creatures
  A yak (D:7)
  3 hogs (D:7)
  2 humans (D:7)
  An ice beast (D:6)
  A centaur (D:5)
  A wolf (D:7)
  2 bullfrogs
  2 scorpions
  A water moccasin skeleton (D:4)
  A killer bee (D:7)
  3 wights (D:6)
  A howler monkey (D:4)
  3 crimson imps
  A bullfrog zombie (D:6)
  A hound (D:6)
  3 jellies
  An orc priest (D:7)
  4 orc wizards (D:7)
  Terence (D:2)
  An iguana (D:7)
  2 worker ants
  4 adders
  2 oozes
  An adder skeleton (D:5)
  4 worms
  4 dart slugs
  A leopard gecko (D:3)
  7 orcs
  2 bat zombies (D:6)
  3 giant cockroaches
  10 goblins
  12 hobgoblins
  6 jackals
  7 kobolds
  5 quokkas
  2 ball pythons
  5 bats
  5 frilled lizards
  2 leopard gecko skeletons
  A quokka skeleton (D:5)
  6 rats
125 creatures vanquished.

Vanquished Creatures (others)
  An orc wizard (D:7)
1 creature vanquished.

Grand Total: 126 creatures vanquished

Notes
Turn   | Place    | Note
-------+----------+-------------------------------------------
     0 | D:1      | Musica the Octopode Assassin began the quest for the Orb.
     0 | D:1      | Reached XP level 1. HP: 14/14 MP: 1/1
    61 | D:1      | Reached XP level 2. HP: 19/19 MP: 2/2
   108 | D:2      | Noticed Terence
   478 | D:1      | Reached skill level 6 in Stealth
   586 | D:1      | Reached XP level 3. HP: 20/24 MP: 3/3
   959 | D:2      | Killed Terence
   959 | D:2      | Reached XP level 4. HP: 11/30 MP: 4/4
  1066 | D:2      | Reached skill level 7 in Stealth
  1427 | D:3      | Reached XP level 5. HP: 20/35 MP: 5/5
  1919 | D:4      | Reached skill level 8 in Stealth
  1925 | D:5      | Entered Level 5 of the Dungeon
  2013 | D:4      | Reached XP level 6. HP: 38/41 MP: 6/6
  2312 | D:4      | Found a staircase to the Ecumenical Temple.
  2329 | Temple   | Entered the Ecumenical Temple
  2394 | Temple   | Became a worshipper of Ashenzari the Shackled
  3046 | D:5      | Reached skill level 9 in Stealth
  3528 | D:5      | Reached XP level 7. HP: 46/46 MP: 7/7
  3717 | D:6      | Reached skill level 10 in Stealth
  3960 | D:6      | Found an iron altar of Okawaru.
  4197 | D:6      | Found an ancient bone altar of Kikubaaqudgha.
  4381 | D:6      | Reached * piety under Ashenzari
  4591 | D:6      | Reached skill level 11 in Stealth
  4591 | D:6      | Reached XP level 8. HP: 36/54 MP: 8/8
  4643 | D:6      | Found a basalt altar of Yredelemnul.
  4647 | D:6      | Found a radiant altar of Vehumet.
  4648 | D:6      | Found a sparkling altar of Nemelex Xobeh.
  4879 | D:6      | Upgraded the game from 0.19-a0-1492-gce1cc90 to 0.19-a0-1670-gc28a5d9
  5204 | D:7      | Identified a scroll of acquirement
  5204 | D:7      | Identified the cursed ring of Ofyl {+Fly rElec} (You acquired it on level 7 of the Dungeon)
  5352 | D:7      | Reached skill level 12 in Stealth
  5436 | D:7      | Reached skill level 5 in Short Blades
  5775 | D:7      | Noticed a yak
  5792 | D:7      | Reached XP level 9. HP: 39/60 MP: 9/9
  5804 | D:7      | Reached skill level 5 in Fighting
  5810 | D:7      | Reached skill level 13 in Stealth
  5905 | D:7      | Found Ahakahe's Armour Boutique.
  5926 | D:7      | Killed from afar by an orc priest

Vault maps used:
D:1:      dpeg_arrival_boxorama
D:2:      first_bread, uniq_terence
D:4:      feat_on_display
D:5:      kennysheep_nondescript
D:6:      lemuel_zombie_altar_kikubaaqudgha, minitemple, okawaru_gym_becter
D:7:      serial_shops, shop, grunt_livestock, kennysheep_generic_room_3
Temple:   nicolae_temple_x_marks_the_god

Skill      XL: |  1  2  3  4  5  6  7  8  9 |
---------------+----------------------------+-----
Stealth        | 6 7 8 9 11 12 13 | 13.1
Fighting       | 3 4 5 |  5.2
Short Blades   | 3 5 6 |  6.5
Throwing       | 3 |  3.2
Dodging        | |  1.0

Action                   |  1- 3 |  4- 6 |  7- 9 || total
-------------------------+-------+-------+-------++-------
Melee: Dagger            |    63 |    77 |       ||   140
       Constrict         |    13 |    21 |    25 ||    59
       Tentacles         |    10 |    15 |    45 ||    70
       Short sword       |       |    19 |   158 ||   177
       Hand axe          |       |       |     7 ||     7
 Fire: Blowgun           |     3 |       |       ||     3
Throw: Tomahawk          |       |     3 |     7 ||    10
Evoke: Wand              |       |       |     5 ||     5
  Use: Scroll            |       |    10 |     3 ||    13
       Potion            |       |     1 |     4 ||     5
 Stab: Sleeping          |     9 |    26 |     9 ||    44
       Distracted        |       |       |     1 ||     1
  Eat: Chunk             |       |     6 |     1 ||     7
       Fruit             |       |     3 |     5 ||     8
       Beef jerky        |       |     1 |       ||     1
       Meat ration       |       |       |     1 ||     1
Armor: Skin              |     2 |     1 |    29 ||    32
Dodge: Dodged            |    16 |    38 |    81 ||   135
